 Dungeon Crawl Stone Soup version 0.30-a0-883-g5ad918d77d (webtiles) character file.

Game seed: 2723694443128553826

221 Axe the Sneak (level 5, -6/46 HPs)
             Began as an Octopode Earth Elementalist on Mar 16, 2023.
             Mangled by a black bear (9 damage)
             ... on level 3 of the Dungeon.
             The game lasted 00:10:41 (3593 turns).

Axe the Sneak (Octopode Earth Elementalist)         Turns: 3593, Time: 00:10:41

Health: -6/46      AC:  1    Str:  8    XL:     5   Next: 98%
Magic:  8/9        EV: 14    Int: 19    God:
Gold:   189        SH:  0    Dex: 18    Spells: 3/9 levels left

rFire   . . .      SeeInvis .    n - +0 rapier (drain)
rCold   + . .      Faith    .    (no shield)
rNeg    . . .      Spirit   .    (helmet restricted)
rPois   .          Reflect  .    (no amulet)
rElec   .          Rampage  .    h - +6 ring of dexterity
rCorr   .                        l - ring of protection from cold
Will    .....                    (no ring) Stlth
                                 (no ring)
HPRegen 0.27/turn                (no ring)
MPRegen 0.11/turn                (no ring)
                                 (no ring)
                                 (no ring)

@: berserking, very quick
A: almost no armour, amphibious, 8 rings, camouflage 1, gelatinous body 1,
(nimble swimmer 1), tentacles
a: no special abilities


You were on level 3 of the Dungeon.
You visited 1 branch of the dungeon, and saw 4 of its levels.

You collected 189 gold pieces.

Inventory:

Hand Weapons
 n - a +0 rapier of draining (weapon)
Missiles
 g - a throwing net
Armour
 p - a +0 kite shield
Jewellery
 h - a +6 ring of dexterity (left tentacle)
 l - a ring of protection from cold (right tentacle)
Wands
 e - a wand of polymorph (22)
Scrolls
 c - 4 scrolls of identify
 f - 2 scrolls of poison
 m - a scroll of brand weapon {unknown}
 o - a scroll of noise {unknown}
 r - a scroll of enchant armour {unknown}
 s - a scroll of summoning {unknown}
 t - a scroll of teleportation {unknown}
Potions
 a - a potion of magic
 b - 2 potions of berserk rage
 d - 3 potions of curing
 i - 3 potions of degeneration {unknown}
 j - a potion of ambrosia {unknown}
 k - a potion of haste {unknown}
 q - a potion of mutation {unknown}
 u - a potion of flight {unknown}


   Skills:
 + Level 3.0 Dodging
 * Level 5.4 Stealth
 + Level 2.8 Spellcasting
 + Level 1.6 Conjurations
 - Level 1.0 Transmutations
 + Level 3.9 Earth Magic


You had 3 spell levels left.
You knew the following spells:

 Your Spells              Type           Power      Damage    Failure   Level
a - Sandblast             Erth           34%        2d9       3%          1
b - Passwall              Tmut/Erth      10%        N/A       9%          2
c - Stone Arrow           Conj/Erth      26%        3d8       16%         3

Your spell library contained the following spells:

 Spells                   Type           Power      Damage    Failure   Level
 Foxfire                  Conj/Fire      20%        2x1d5     11%         1
 Petrify                  Tmut/Erth      12%        N/A       50%         4
 Fireball                 Conj/Fire      2%         3d4       97%         5
 Starburst                Conj/Fire      2%         6d3       100%        6


Dungeon Overview and Level Annotations

Branches:
Dungeon (4/15)
 Temple: D:4-7

Altars:
Trog

Annotations:
D:4 4 runed translucent doors


Innate Abilities, Weirdness & Mutations

You cannot wear most types of armour.
You are amphibious.
You can wear up to eight rings at the same time.
Your skin changes colour to match your surroundings (Stealth+).
Your rubbery body absorbs attacks. (AC +1, EV +1)
((You are camouflaged when in or above water. (Stealth+)))
You have tentacles for arms and can constrict up to eight enemies at once.


Message History

There is a stone staircase leading up here.
Okay, then.
Okay, then.
The black bear barely misses you.
The black bear claws you but does no damage.
The black bear claws you.
You climb upwards.
There is a stone staircase leading down here.
The black bear barely misses you. The black bear claws you. x2
You closely miss the black bear. You grab the black bear.
The black bear is lightly wounded.
You constrict the black bear. The black bear closely misses you.
The black bear claws you. x2
You completely miss the black bear. You squeeze the black bear.
The black bear is moderately wounded.
You constrict the black bear. The black bear closely misses you. x2
The black bear claws you.
You release your grip on the black bear.
It was a potion of curing.
You feel better. The black bear bites you!
* * * LOW HITPOINT WARNING * * *
The black bear closely misses you. The black bear claws you.
* * * LOW HITPOINT WARNING * * *
It was a potion of berserk rage.
A red film seems to cover your vision as you go berserk!
You feel yourself moving faster!
You feel mighty! The black bear bites you.
* * * LOW HITPOINT WARNING * * *
The black bear barely misses you. The black bear claws you.
* * * LOW HITPOINT WARNING * * *
You hit the black bear but do no damage.
You grab the black bear.
The black bear is moderately wounded.
You constrict the black bear. The black bear bites you.
* * * LOW HITPOINT WARNING * * *
The black bear claws you.
* * * LOW HITPOINT WARNING * * *
The black bear misses you.
You puncture the black bear!
The black bear is heavily wounded.
You constrict the black bear. The black bear bites you!
You die...

########## #>.h@....# ########
#.######.############
.......######...................#
###.........[..#.###.####.#.###.#
#....###.......# #.....#......#
####....##.....### ####.#.#......
........<....#.# #.#.####..#
.###....###.##.# #.#.# #.)#
.###.....##.##.# #.#.# #...


You could see a black bear.

Vanquished Creatures
  Natasha (thrice) (D:4)
  5 adders
  A dart slug (D:1)
  2 worms
  7 orcs (D:4)
  8 ball pythons
  5 endoplasms
  8 giant cockroaches
  13 goblins
  7 hobgoblins
  3 jackals (D:3)
  A quokka (D:1)
  5 bats
  A frilled lizard (D:1)
  8 kobolds
  9 rats
86 creatures vanquished.

Notes
Turn   | Place    | Note
-------+----------+-------------------------------------------
     0 | D:1      | Axe the Octopode Earth Elementalist began the quest for the
                  | Orb.
     0 | D:1      | Reached XP level 1. HP: 11/11 MP: 3/3
    58 | D:1      | Reached skill level 3 in Stealth
   141 | D:1      | Reached XP level 2. HP: 17/17 MP: 1/5
   592 | D:1      | Learned a level 2 spell: Passwall
   840 | D:1      | Reached XP level 3. HP: 21/21 MP: 4/6
  1067 | D:2      | Learned a level 3 spell: Stone Arrow
  1169 | D:2      | Reached skill level 4 in Stealth
  1274 | D:2      | Reached XP level 4. HP: 25/27 MP: 1/7
  2006 | D:2      | You fall into a shaft and drop 2 floors!
  2014 | D:4      | Found a large runed translucent door.
  2014 | D:4      | Found a large runed translucent door.
  2016 | D:4      | Found a large runed translucent door.
  2016 | D:4      | Found a large runed translucent door.
  2018 | D:4      | Noticed a black bear
  2029 | D:4      | Noticed Natasha
  2054 | D:4      | Killed Natasha
  2055 | D:4      | Reached skill level 1 in Conjurations
  2096 | D:4      | Noticed Natasha
  2100 | D:4      | Killed Natasha
  2101 | D:4      | Reached XP level 5. HP: 18/31 MP: 4/9
  2238 | D:4      | Noticed a black bear
  2255 | D:4      | Reached skill level 5 in Stealth
  2290 | D:4      | Noticed Natasha
  2300 | D:4      | Killed Natasha
  3143 | D:3      | Found a bloodstained altar of Trog.
  3593 | D:3      | Mangled by a black bear

Illustrated notes

Levels and vault maps discovered:
D:1:      spicycebolla_green_bress_n_ham, layout_basic, minmay_tiny_reverse_x
D:2:      layout_loops_corners, amcnicky_mini_corridor_feature,
          kennysheep_small_spiral, st_stairs_14, chequers_serial_rivers_micro_c,
          minmay_worlds_worst_comb
D:3:      layout_loops_ring, overflow_temple_1_default
D:4:      layout_basic, minmay_temple_entry_offerings, gup_sewer_entry_bowl,
          gammafunk_ghost_nasty_kobolds, st_stairs_6,
          minmay_hollow_rounded_squares, uniq_blork_the_orc, uniq_natasha

Skill      XL: |  1  2  3  4  5 |
---------------+----------------+-----
Stealth        | 3 4 5 |  5.4
Conjurations   | 1 |  1.6
Dodging        | 3 |  3.0
Spellcasting   | |  2.8
Transmutations | |  1.0
Earth Magic    | |  3.9

Action                     |  1- 3 |  4- 6 || total
---------------------------+-------+-------++-------
  Melee: Dagger            |     1 |     1 ||     2
         Unarmed           |       |    14 ||    14
         Constrict         |       |    10 ||    10
         Rapier            |       |    18 ||    18
         Tentacles         |       |     6 ||     6
   Cast: Sandblast         |    49 |    78 ||   127
         Passwall          |     1 |       ||     1
    Use: Scroll            |       |     1 ||     1
         Potion            |       |     2 ||     2
   Stab: Sleeping          |     1 |       ||     1
 Armour: Skin              |     4 |     7 ||    11
  Dodge: Dodged            |     5 |    66 ||    71

Table legend: (Time is in decaauts)
 A = Elapsed time spent in this place.
 B = Non-inter-level travel time spent in this place.
 C = Inter-level travel time spent in this place.
 D = Time resting spent in this place.
 E = Time spent auto-exploring this place.
 F = Levels seen in this place.
 G = Mean time per level.
                   A        B        C        D        E       F      G
               +--------+--------+--------+--------+--------+-----+--------+
         Total |   3680 |   3559 |    121 |    845 |   1436 |   4 |  920.0 |
       Dungeon |   3680 |   3559 |    121 |    845 |   1436 |   4 |  920.0 |
               +--------+--------+--------+--------+--------+-----+--------+

Top non-repeatable levels by time:
     D:1: 1149 daAuts
     D:2: 1129 daAuts
     D:4: 740 daAuts
     D:3: 661 daAuts
